Map: Ruins of Seras

Players

capac - Winner!

  • Race: Terran Terran
  • League: Gold

A.I. 1 (Elite)

  • Race: Protoss Protoss

VOD

Have the link to the VOD?

Description

Time

  • Played on: March 11, 2016, 10:25 a.m.
  • Length: 14:09
Show
View Real Time Build Order
Export as new Build Order

capac Terran - Winner!

Build Orders: MMM Bio 

Get SALT Encoding   

  12  0:01  SCV  
  13  0:13  SCV  
  14  0:18  Supply Depot  
  14  0:25  SCV  
  15  0:40  SCV  
  15  0:42  Barracks  
  16  0:48  Refinery  
  16  0:52  SCV  
  17  1:04  SCV  
  18  1:16  SCV  
  19  1:28  SCV  
  20  1:36  Command Center  
  20  1:37  Barracks Reactor  
  20  1:40  SCV  
  21  1:47  Supply Depot  
  21  1:55  SCV  
  22  2:17  Barracks, Marine  
  22  2:18  Marine  
  22  2:21  Orbital Command  
  24  2:35  Factory  
  24  2:37  Refinery  
  24  2:39  Marine  
  24  2:40  Marine  
  26  2:49  SCV  
  27  2:53  Orbital Command  
  27  2:59  Marine x2  
  27  3:02  SCV  
  30  3:06  Barracks Tech Lab  
  30  3:14  SCV  
  31  3:21  Factory Tech Lab  
  31  3:23  Starport, SCV  
  32  3:29  Stimpack  
  32  3:36  Marine x2  
  32  3:37  Marine  
  32  3:39  SCV  
  36  3:45  Siege Tank  
  39  3:49  Supply Depot  
  39  3:54  Marine, SCV x2  
  42  4:03  Medivac  
  42  4:09  SCV  
  45  4:10  SCV  
  45  4:12  Supply Depot  
  45  4:15  Marine x2  
  45  4:16  Engineering Bay  
  45  4:17  Marine  
  48  4:22  SCV x2  
  51  4:27  Siege Tank  
  54  4:34  SCV x2  
  54  4:35  Starport Reactor  
  56  4:39  Refinery x2  
  56  4:45  Supply Depot  
  56  4:46  SCV x2  
  58  4:55  Terran Infantry Weapons Level 1  
  58  4:59  SCV x2  
  60  5:08  Marine x3  
  60  5:12  SCV x2  
  65  5:14  Siege Tank  
  65  5:18  Supply Depot  
  65  5:19  Engineering Bay  
  68  5:24  SCV x2  
  70  5:33  Barracks  
  70  5:34  Combat Shields  
  70  5:39  SCV x2, Medivac x2  
  70  5:42  Supply Depot  
  76  5:50  Armory  
  76  5:51  SCV  
  76  5:52  SCV  
  78  6:06  Supply Depot  
  78  6:07  Siege Tank  
  78  6:08  Marine x3  
  84  6:23  Liberator  
  85  6:26  Marine x2  
  85  6:28  Barracks  
  85  6:30  Supply Depot  
  86  6:34  Liberator  
  86  6:36  Barracks  
  89  6:40  Siege Tank  
  89  6:45  Supply Depot  
  92  6:54  Supply Depot, Command Center  
  95  6:55  Barracks Reactor  
  95  7:02  Terran Infantry Weapons Level 2  
  95  7:09  Marine  
  95  7:10  Supply Depot, Marine x2  
  98  7:22  Medivac  
  98  7:25  Barracks Reactor  
  100  7:33  Marine x2  
  100  7:34  Marine x2, Medivac  
  107  7:39  Barracks Reactor  
  107  7:42  Concussive Shells  
  106  7:47  Supply Depot  
  106  7:49  Supply Depot  
  106  8:00  Marine x2  
  106  8:01  Marine x5  
  106  8:03  SCV x2  
  115  8:07  Medivac  
  117  8:15  SCV  
  117  8:17  Marine x2  
  117  8:18  Marine x2, Siege Tank  
  125  8:28  Marine x5  
  125  8:29  Supply Depot  
  125  8:31  Supply Depot  
  125  8:33  Starport  
  130  8:35  Marine  
  130  8:38  Orbital Command  
  131  8:45  Terran Infantry Armor Level 1  
  131  8:55  SCV x2  
  133  8:56  Refinery  
  133  9:06  Supply Depot  
  133  9:07  SCV  
  134  9:10  Refinery  
  134  9:15  Starport Reactor  
  134  9:24  Marine x5  
  134  9:25  Marine x2  
  134  9:26  Marine x2  
  143  9:31  Terran Vehicle Weapons Level 1  
  143  9:33  Terran Infantry Weapons Level 3  
  143  9:36  Supply Depot  
  140  10:18  Thor  
  142  10:27  Marine x2  
  142  10:28  Marine x6  
  108  10:42  Marine  
  96  10:45  Marine x3  
  96  10:46  Marine x2  
  96  10:47  Medivac x4  
  107  10:58  Marine  
  107  10:59  Marine x2  
  107  11:00  Marine  
  107  11:01  Terran Infantry Armor Level 2  
  107  11:03  Marine  
  104  11:21  Siege Tank  
  104  11:22  Marine x4  
  104  11:23  Marine x2  
  113  11:25  Medivac x2  
  113  11:26  Medivac x2  
  121  11:37  Command Center  
  121  11:38  Command Center  
  121  11:42  Marine x2  
  121  11:43  Marine x4  
  127  11:48  Marine x3  
  130  12:00  Marine x4  
  130  12:01  Marine x2  
  135  12:06  Marine x3  
  136  12:18  Marine x4  
  139  12:24  Marine  
  139  12:25  Marine x4  
  141  12:36  Marine x4  
  145  12:42  Marine x2  
  146  12:59  Liberator x4  
  136  13:09  Marine x5  
  136  13:10  Marine x4  
  145  13:13  Siege Tank  
  158  13:27  Marine x4  
  162  13:40  Marine x5  
  167  13:44  Marine  
  167  13:45  Marine  
Show
View Real Time Build Order
Export as new Build Order

A.I. 1 (Elite) Protoss 

Build Orders: Zealot Archon 

Get SALT Encoding   

  12  0:01  Probe (Chrono Boost)  
  13  0:11  Probe (Chrono Boost)  
  14  0:20  Pylon  
  14  0:22  Probe (Chrono Boost)  
  15  0:38  Probe (Chrono Boost)  
  16  0:48  Probe (Chrono Boost), Assimilator  
  17  0:50  Gateway  
  17  0:59  Probe (Chrono Boost)  
  17  1:02  Pylon  
  18  1:10  Probe (Chrono Boost)  
  19  1:20  Probe (Chrono Boost)  
  20  1:31  Probe (Chrono Boost)  
  21  1:35  Zealot  
  21  1:39  Cybernetics Core  
  23  1:42  Probe (Chrono Boost)  
  24  1:54  Probe (Chrono Boost)  
  25  2:02  Nexus  
  25  2:16  Gateway  
  25  2:23  Pylon  
  25  2:25  Zealot  
  25  2:26  Warp Gate  
  27  2:31  Probe (Chrono Boost)  
  28  2:42  Probe (Chrono Boost), Assimilator  
  29  2:52  Adept  
  29  2:54  Probe (Chrono Boost)  
  32  3:01  Adept  
  35  3:05  Probe (Chrono Boost)  
  35  3:08  Pylon  
  35  3:17  Probe (Chrono Boost), Stalker  
  38  3:23  Probe (Chrono Boost)  
  39  3:28  Probe (Chrono Boost)  
  41  3:35  Probe (Chrono Boost)  
  41  3:39  Probe (Chrono Boost)  
  42  3:42  Robotics Facility  
  42  3:45  Adept  
  45  3:49  Probe (Chrono Boost)  
  45  3:51  Probe (Chrono Boost)  
  45  3:53  Adept  
  48  4:01  Probe (Chrono Boost)  
  50  4:03  Probe (Chrono Boost)  
  50  4:10  Adept  
  50  4:12  Probe (Chrono Boost)  
  50  4:13  Pylon  
  50  4:14  Probe (Chrono Boost)  
  54  4:24  Probe (Chrono Boost)  
  55  4:25  Probe (Chrono Boost)  
  55  4:26  Immortal  
  55  4:30  Stalker  
  62  4:36  Probe (Chrono Boost)  
  62  4:37  Pylon  
  62  4:38  Probe (Chrono Boost)  
  64  4:44  Stalker  
  66  4:48  Probe (Chrono Boost)  
  66  4:49  Probe (Chrono Boost)  
  68  4:54  Robotics Facility  
  68  4:56  Stalker  
  70  5:02  Immortal  
  75  5:08  Probe (Chrono Boost)  
  75  5:09  Probe (Chrono Boost)  
  76  5:15  Pylon  
  76  5:17  Pylon  
  76  5:23  Stalker  
  76  5:26  Twilight Council  
  78  5:37  Assimilator  
  78  5:41  Assimilator  
  78  5:42  Probe (Chrono Boost)  
  79  5:44  Probe (Chrono Boost)  
  80  5:50  Pylon  
  80  5:54  Gateway  
  80  6:00  Probe x2 (Chrono Boost)  
  80  6:03  Zealot  
  84  6:08  Templar Archives  
  85  6:11  Probe (Chrono Boost)  
  85  6:12  Probe (Chrono Boost)  
  86  6:24  Forge  
  86  6:26  Forge  
  86  6:30  Nexus  
  86  6:34  Sentry  
  86  6:36  Pylon  
  86  6:38  Stalker  
  90  6:48  Stalker  
  92  6:54  High Templar  
  92  6:56  Pylon  
  92  6:59  Stalker  
  92  7:00  Protoss Ground Weapons Level 1  
  96  7:01  Gateway  
  96  7:09  High Templar  
  96  7:13  Observer  
  99  7:18  Photon Cannon  
  99  7:21  Sentry  
  99  7:22  Photon Cannon  
  101  7:24  Pylon  
  101  7:28  Psionic Storm  
  101  7:31  Zealot  
  101  7:35  Archon  
  103  7:39  Warp Prism  
  103  7:42  Probe (Chrono Boost)  
  103  7:43  Probe x2 (Chrono Boost)  
  108  7:47  High Templar  
  110  7:54  Probe (Chrono Boost), Assimilator  
  110  7:55  Probe (Chrono Boost), Pylon  
  110  7:56  Probe (Chrono Boost), Photon Cannon  
  110  7:57  Assimilator  
  113  8:01  High Templar  
  113  8:04  Protoss Ground Armor Level 1  
  117  8:06  Probe x2 (Chrono Boost)  
  117  8:07  Probe (Chrono Boost)  
  118  8:15  Stalker  
  118  8:17  Probe x2 (Chrono Boost), Photon Cannon  
  118  8:19  Probe (Chrono Boost)  
  123  8:20  Archon  
  123  8:21  Pylon  
  123  8:28  High Templar  
  123  8:29  Probe (Chrono Boost)  
  123  8:30  Probe x2 (Chrono Boost)  
  128  8:36  Warp Prism  
  128  8:38  High Templar  
  128  8:40  Probe (Chrono Boost), Stalker  
  137  8:42  Probe x2 (Chrono Boost), Photon Cannon  
  137  8:45  Photon Cannon, Nexus, Stalker  
  139  8:50  Archon  
  139  8:54  Pylon  
  139  8:58  High Templar  
  139  9:02  Stalker  
  143  9:08  High Templar  
  145  9:12  Archon, Sentry  
  145  9:16  Pylon  
  147  9:20  Photon Cannon  
  147  9:23  High Templar  
  149  9:29  Gateway  
  149  9:31  High Templar  
  149  9:33  Blink  
  149  9:37  Archon  
  151  9:39  Photon Cannon  
  151  9:41  Zealot  
  151  9:42  Photon Cannon, Zealot  
  155  9:45  Immortal  
  155  9:47  Pylon  
  155  9:51  Observer  
  155  9:52  Zealot  
  161  9:59  Protoss Ground Weapons Level 2  
  161  10:01  Zealot x3  
  167  10:11  Archon, Observer  
  167  10:12  Zealot, Assimilator  
  170  10:16  Pylon  
  170  10:17  Assimilator  
  170  10:19  Probe (Chrono Boost), Stalker, Zealot x2  
  172  10:23  Photon Cannon, Stalker  
  172  10:24  Observer  
  141  10:30  High Templar  
  107  10:38  High Templar  
  107  10:39  Zealot  
  107  10:41  Zealot  
  107  10:42  Photon Cannon  
  95  10:45  High Templar  
  85  10:51  Probe (Chrono Boost)  
  85  10:53  Probe x3 (Chrono Boost)  
  79  10:58  Stalker  
  79  11:00  Zealot, Adept  
  79  11:02  Probe (Chrono Boost), Immortal  
  89  11:05  Probe x3 (Chrono Boost)  
  89  11:08  Adept  
  89  11:09  Immortal  
  89  11:10  Archon  
  94  11:14  Probe (Chrono Boost)  
  94  11:15  Zealot  
  94  11:16  Probe (Chrono Boost)  
  94  11:17  Probe (Chrono Boost)  
  95  11:19  Zealot  
  95  11:20  Stalker, Sentry  
  101  11:27  High Templar  
  101  11:30  Pylon  
  103  11:34  High Templar  
  103  11:38  Sentry  
  107  11:40  Photon Cannon  
  107  11:41  Stalker, Sentry  
  107  11:43  Immortal  
  107  11:45  Archon  
  115  11:50  Photon Cannon  
  115  11:53  Pylon  
  115  11:54  Nexus  
  115  11:57  High Templar  
  115  12:00  Stalker  
  119  12:02  Adept  
  119  12:03  Stalker  
  119  12:04  High Templar  
  125  12:15  Archon  
  119  12:21  High Templar, Zealot  
  101  12:24  High Templar  
  101  12:27  Zealot  
  85  12:34  Zealot  
  87  12:37  Probe (Chrono Boost)  
  87  12:39  Stalker  
  87  12:40  Probe (Chrono Boost)  
  87  12:42  Probe (Chrono Boost)  
  89  12:45  Stalker  
  89  12:50  Adept  
  90  12:52  Stalker  
  90  12:54  Stalker  
  83  13:00  Sentry  
  83  13:01  Probe x2 (Chrono Boost)  
  83  13:03  Probe (Chrono Boost)  
  71  13:06  Adept  
  71  13:07  Probe (Chrono Boost)  
  71  13:09  Stalker  
  71  13:12  Probe (Chrono Boost)  
  66  13:14  Stalker  
  66  13:16  Zealot  
  66  13:20  Probe (Chrono Boost)  
  66  13:21  High Templar  
  66  13:25  High Templar  
  42  13:31  High Templar  
  32  13:34  Sentry  
  32  13:35  Adept  
  19  13:51  Zealot  
  19  13:54  Zealot  
  15  14:00  Stalker  
Tags
 
Add a new tag
Caveats
  • Supply blocks, unpowered buildings, or Contaminate may cause inaccurate times.
  • Supply counts are checked every 10 seconds.